 Dungeon Crawl Stone Soup version 0.31-a0-569-g7ea453304b (webtiles) character file.

Game seed: 10711152008492805015

2459 Essalna the Fighter (level 9, -11/108 HPs)
             Began as a Pale Draconian Shapeshifter on Aug 18, 2023.
             Was a Believer of Hepliaklqana.
             Mangled by an ogre
             ... wielding a +0 giant spiked club
              (17 damage)
             ... on level 6 of the Dungeon.
             The game lasted 00:10:33 (5296 turns).

Essalna the Fighter (Pale Draconian Shapeshifter)   Turns: 5296, Time: 00:10:34

Health: -11/108    AC: 24    Str: 17    XL:     9   Next: 26%
Magic:  9/9        EV:  2    Int:  9    God:    Hepliaklqana [**....]
Gold:   199        SH:  0    Dex: 16    Spells: 8/8 levels left

rFire   . .          .
                       - Unarmed
rCold   . . .        (no shield)
rNeg    . . .        (body armour unavailable)
rPois   +            (helmet currently unavailable)
rElec   .            (cloak currently unavailable)
rCorr   .            (gloves currently unavailable)
SInv    .            (boots currently unavailable)
Will    +....        (no amulet)
Stlth   +            y - +5 ring of evasion
HPRegen 0.38/turn    n - ring of willpower
MPRegen 0.11/turn

%: no passive effects
@: tree-form
A: stationary, stasis, torment immunity, boosted hp, reduced essence, (breathe
steam), AC +7, unfitting armour, (cold-blooded), (steam resistance)
a: Renounce Religion, Recall Ancestor, Ancestor Identity


You were on level 6 of the Dungeon.
You worshipped Hepliaklqana.
Hepliaklqana was pleased with you.
You were a tree.
You visited 2 branches of the dungeon, and saw 7 of its levels.
You also visited: Sewer.

You collected 199 gold pieces.

Inventory:

Missiles
 p - 2 throwing nets
Armour
 i - a +1 pair of gloves
 r - a +0 pair of boots
Jewellery
 g - a ring of wizardry
 n - a ring of willpower (right branch)
 y - a +5 ring of evasion (left branch)
 B - a ring of poison resistance
Talismans
 b - a beast talisman
 c - a flux talisman
Wands
 j - a wand of flame (68)
 w - a wand of roots (3)
Scrolls
 e - 9 scrolls of identify
 f - 2 scrolls of immolation
 k - a scroll of vulnerability
 m - 3 scrolls of fear
 t - 2 scrolls of teleportation
 v - a scroll of fog
 x - a scroll of noise {unknown}
 C - 3 scrolls of revelation {unknown}
 D - a scroll of silence {unknown}
 F - a scroll of summoning {unknown}
Potions
 a - a potion of lignification
 d - 2 potions of resistance
 h - 4 potions of degeneration {unknown}
 l - a potion of might {unknown}
 o - a potion of haste {unknown}
 q - 2 potions of magic {unknown}
 s - a potion of mutation {unknown}
 u - 3 potions of heal wounds {unknown}
 z - a potion of brilliance {unknown}
 A - 2 potions of curing {unknown}
 E - a potion of enlightenment {unknown}


   Skills:
 + Level 8.1 Fighting
 - Level 1.7 Dodging
 + Level 7.8 Unarmed Combat
 + Level 6.7 Shapeshifting


You had 8 spell levels left.
You didn't know any spells.
Your spell library contained the following spells:

 Spells                   Type           Power      Damage    Failure   Level
 Apportation              Tloc           0%         N/A       38%         1
 Slow                     Hex            0%         N/A       38%         1
 Confusing Touch          Hex            0%         N/A       77%         3
 Vampiric Draining        Necr           0%         2d6       77%         3
 Alistair's Intoxication  Tmut/Pois      0%         N/A       100%        5


Dungeon Overview and Level Annotations

Branches:
Dungeon (6/15)             Temple (1/1) D:4           Sewer (visited)

Altars:
Cheibriados
Elyvilon
Fedhas
Gozag
Hepliaklqana
Kikubaaqudgha
Makhleb
Nemelex Xobeh
Okawaru
Qazlal
Ru
Sif Muna
Uskayaw
Vehumet
Wu Jian
Xom
Yredelemnul
Zin
The Shining One


Innate Abilities, Weirdness & Mutations

You are a tree.
Your roots penetrate the ground, keeping you stationary.
You cannot be teleported.
You are immune to unholy pain and torment.
Your maximum health is greatly increased.
Your equipment is partially melded.
Your life essence is reduced to manifest your ancestor. (-10% HP)
((You can breathe blasts of scalding, opaque steam.))
((Your pale cyan-grey scales are hard. (AC +7)))
You cannot fit into any form of body armour.
((You are cold-blooded and may be slowed by cold attacks.))
((You are immune to the effects of steam.))


Message History

The puff of frost misses the adder.
The vampire mosquito bites you but does no damage.
Smack: -) Branches
Press: ? - help, Dir - move target, f/p - vampire mosquito
Aim: a vampire mosquito (lightly damaged, about 44% to evade your branches)
You closely miss the vampire mosquito.
The vampire mosquito is lightly damaged.
The adder bites you.
* * * LOW HITPOINT WARNING * * *
The vampire mosquito bites you but does no damage.
The adder bites you but does no damage.
Smack: -) Branches
Press: ? - help, Dir - move target, f/p - vampire mosquito
Aim: a vampire mosquito (lightly damaged, about 44% to evade your branches)
You pummel the vampire mosquito!!
The vampire mosquito is severely damaged.
The vampire mosquito bites you!
* * * LOW HITPOINT WARNING * * *
The vampire mosquito draws strength from your injuries!
Djefatnebti hits the adder with a +0 quarterstaff!!
The adder dies!
The vampire mosquito bites you but does no damage.
Smack: -) Branches
Press: ? - help, Dir - move target, f/p - vampire mosquito
Aim: a vampire mosquito (heavily damaged, about 44% to evade your branches)
You smack the vampire mosquito!
You destroy the vampire mosquito!
Your Fighting skill increases to level 8!
Smack: -) Branches
Press: ? - help, Dir - move target, f - you That would be overly suicidal.
Okay, then.
An ogre comes into view. It is wielding a +0 giant spiked club.
Smack: -) Branches
Press: ? - help, Dir - move target, f - ogre
Aim: an ogre, wielding a +0 giant spiked club (ally target, about 19% to evade your branches)
You smack the ogre!
The ogre is moderately wounded.
The ogre hits you with a +0 giant spiked club!
You die...

.# .# #. .# .# ..#
S### .# # #.# y#.
.## # #. ..# 9[
..# ## #.# #.#
.#..# .# ..#
#[###O..# ## #.#
#.#♣R..# #
#..###....## #
..... ...#....##
.##......###..#.##
#................#
.............#.###
............##.#
♣♣~.........##.##
~~~≈♣...........#


You could see the friendly Djefatnebti the battlemage and an ogre (ally target).

Vanquished Creatures
  A gargoyle (D:6)
  A vampire mosquito (D:6)
  An acid dragon (D:5)
  A black bear (D:6)
  An ice beast (D:6)
  2 ogres (D:5)
  A centaur (D:5)
  A phantom (D:4)
  3 kobold brigands
  A gnoll sergeant (D:5)
  3 scorpions
  3 quasits (D:6)
  3 hounds
  2 gnoll boudas
  A sleepcap (D:6)
  3 iguanas
  13 gnolls
  8 adders
  4 shadow imps (D:6)
  3 white imps
  6 ufetubi (D:6)
  A worm (D:4)
  4 dart slugs
  6 orcs
  11 ball pythons
  8 bats
  12 endoplasms
  8 giant cockroaches
  6 goblins
  5 hobgoblins
  2 jackals (D:3)
  5 quokkas
  5 frilled lizards
  23 kobolds
  7 rats
165 creatures vanquished.

Vanquished Creatures (collateral kills)
  A black bear (D:6)
  An iguana (D:5)
  6 gnolls
  2 adders (D:6)
  2 white imps (D:6)
  An ufetubus (D:6)
  2 orcs (D:6)
  A kobold (D:6)
16 creatures vanquished.

Grand Total: 181 creatures vanquished

Notes
Turn   | Place    | Note
-------+----------+-------------------------------------------
     0 | D:1      | Essalna the Draconian Shapeshifter began the quest for the
                  | Orb.
     0 | D:1      | Reached XP level 1. HP: 16/16 MP: 1/1
   216 | D:1      | Reached XP level 2. HP: 17/23 MP: 2/2
   352 | D:1      | Reached skill level 2 in Fighting
   563 | D:2      | Reached XP level 3. HP: 24/29 MP: 3/3
  1271 | D:3      | Found a glowing drain.
  1305 | Sewer    | Entered a sewer
  1407 | Sewer    | Noticed a kobold brigand
  1413 | Sewer    | Killed a kobold brigand
  1414 | Sewer    | Reached skill level 3 in Fighting
  1414 | Sewer    | Reached XP level 4. HP: 26/38 MP: 4/4
  1524 | Sewer    | Reached XP level 5. HP: 45/45 MP: 5/5
  1858 | D:3      | Found a basalt altar of Yredelemnul.
  2274 | D:3      | Reached XP level 6. HP: 49/52 MP: 6/6
  2281 | D:3      | Reached skill level 4 in Fighting
  2499 | D:4      | Found a staircase to the Ecumenical Temple.
  2511 | Temple   | Entered the Ecumenical Temple
  2517 | Temple   | Became a worshipper of Hepliaklqana the Forgotten
  2784 | D:4      | Found a radiant altar of Vehumet.
  2785 | D:4      | Found a blossoming altar of Fedhas.
  2860 | D:4      | Reached skill level 5 in Unarmed Combat
  2926 | D:4      | Your scales start taking on a pale cyan-grey colour.
  2926 | D:4      | Reached XP level 7. HP: 52/60 MP: 7/7
  2926 | D:4      | Gained mutation: You are immune to the effects of steam.
                  | [Pale Draconian growth]
  3135 | D:5      | Entered Level 5 of the Dungeon
  3146 | D:5      | Reached skill level 5 in Fighting
  3183 | D:5      | Reached * piety under Hepliaklqana
  3303 | D:5      | Reached skill level 5 in Shapeshifting
  3784 | D:5      | Found a sparkling altar of Nemelex Xobeh.
  3850 | D:5      | Found a shimmering blue altar of Sif Muna.
  4039 | D:5      | Reached skill level 6 in Fighting
  4039 | D:5      | Reached XP level 8. HP: 21/63 MP: 8/8
  4190 | D:5      | Found a burning altar of Makhleb.
  4853 | D:6      | Reached skill level 7 in Fighting
  4904 | D:6      | Reached ** piety under Hepliaklqana
  4905 | D:6      | Remembered your ancestor Djefatnebti as a battlemage
  5091 | D:6      | Reached XP level 9. HP: 58/71 MP: 9/9
  5280 | D:6      | Noticed a gargoyle
  5289 | D:6      | Killed a gargoyle
  5292 | D:6      | HP: 4/108 [vampire mosquito (7)]
  5294 | D:6      | Reached skill level 8 in Fighting
  5296 | D:6      | Mangled by an ogre

Illustrated notes

Levels and vault maps discovered:
D:1:      amcnicky_arrival_abandoned_market, layout_rooms
D:2:      layout_loops_ring, chequers_serial_rivers_micro_b,
          mrwooster_statue_mirror, chequers_avenue, st_stairs_14,
          minmay_tetromino_s4
D:3:      minmay_recursive_quarters, layout_rooms,
          nicolae_overflow_crystal_walls, gup_sewer_entry_glass,
          nicolae_figureground_sparkle
D:4:      layout_cave_pools, mainiacjoe_overflow_divided_tiny,
          minmay_temple_entry_wispy, st_stairs_7
D:5:      layout_basic, lemuel_crystal_altar, mainiacjoe_overflow_catch_the_wave
D:6:      layout_cave_pools, serial_demonic, serial_demonic_g, serial_demonic_c,
          serial_demonic_e, serial_demonic_a, serial_demonic_e,
          serial_demonic_g, serial_demonic_c, serial_demonic_f,
          serial_demonic_c, serial_demonic_f, minmay_manual_mail
Temple:   dshaligram_water_room_temple

Skill      XL: |  1  2  3  4  5  6  7  8  9 |
---------------+----------------------------+-----
Fighting       | 2 3 4 6 7 8 |  8.1
Unarmed Combat | 4 5 6 7 |  7.8
Shapeshifting  | 4 5 6 |  6.7
Dodging        | |  1.7

Action                     |  1- 3 |  4- 6 |  7- 9 || total
---------------------------+-------+-------+-------++-------
  Melee: Unarmed           |   115 |   151 |   212 ||   478
         Tailslap          |     9 |    16 |    37 ||    62
         Punch             |     1 |     2 |     9 ||    12
 Invoke: Ancestor Life: Ba |       |       |     1 ||     1
Ability: Breathe Steam     |       |       |     2 ||     2
  Evoke: Wand              |     1 |     4 |       ||     5
    Use: Scroll            |       |     7 |       ||     7
         Potion            |       |       |     1 ||     1
   Stab: Sleeping          |     1 |     1 |     2 ||     4
         Distracted        |       |       |     1 ||     1
 Armour: Skin              |    53 |    36 |    70 ||   159
  Dodge: Dodged            |    78 |    92 |   222 ||   392

Table legend: (Time is in decaauts)
 A = Elapsed time spent in this place.
 B = Non-inter-level travel time spent in this place.
 C = Inter-level travel time spent in this place.
 D = Time resting spent in this place.
 E = Time spent auto-exploring this place.
 F = Levels seen in this place.
 G = Mean time per level.
                   A        B        C        D        E       F      G
               +--------+--------+--------+--------+--------+-----+--------+
         Total |   5280 |   5117 |    163 |      0 |   4073 |   8 |  660.0 |
       Dungeon |   4840 |   4682 |    158 |      0 |   3771 |   6 |  806.7 |
        Temple |     12 |      7 |      5 |      0 |      0 |   1 |   12.0 |
         Sewer |    427 |    427 |      0 |      0 |    301 |   1 |  427.0 |
               +--------+--------+--------+--------+--------+-----+--------+

Top non-repeatable levels by time:
     D:5: 1458 daAuts
     D:3: 809 daAuts
     D:2: 765 daAuts
     D:6: 678 daAuts
     D:4: 643 daAuts
     D:1: 484 daAuts
   Sewer: 427 daAuts
  Temple: 12 daAuts
